 Dungeon Crawl Stone Soup version 0.29.1-14-g9c671dbff4 (webtiles) character file.

Game seed: 1553848104076679420

28411 leafyfresh the Covert (level 13, -2/105 HPs)
             Began as a Gnoll Delver on Feb 15, 2023.
             Was an Elder of Ashenzari.
             Slain by an eight-headed hydra (7 damage)
             ... on level 4 of the Lair of Beasts.
             The game lasted 00:51:23 (17023 turns).

leafyfresh the Covert (Gnoll Delver)               Turns: 17023, Time: 00:51:24

Health: -2/105     AC: 19    Str:  9    XL:     13   Next: 38%
Magic:  17/25      EV: 18    Int: 11    God:    Ashenzari [****..]
Gold:   2051       SH:  0    Dex: 24    Spells: 2/29 levels left

rFire   . . .      SeeInvis +   K - +7 mace of Variability {chain chaos}
rCold   . . .      Faith    .   (shield currently unavailable)
rNeg    . . .      Spirit   .   R - +1 swamp dragon scales of Ashenzari's Morality {rPois, Melee, Cun} (curse)
rPois   +          Reflect  .   T - +0 helmet "Circumscribed Prison" {Alch, Melee} (curse)
rElec   .          Harm     .   o - +0 cloak of the Fated Bitterness {Alch, Fort} (curse)
rCorr   .          Rampage  .   A - +2 pair of gloves "Lashed Together" {Fort, Comp} (curse)
Will    .....      Clarity  +   (no boots)
Stlth   ++++++....              (no amulet)
HPRegen 0.27/turn               v - ring "Shackled Together" {Dex+6, Alch, Comp} (curse)
MPRegen 0.19/turn               E - ring of the Lashed Sky {Wiz, Fort, Range} (curse)

@: very slightly contaminated
A: fangs 1, strong nose, distributed training, shaggy fur 1, weak 1
a: Renounce Religion, Curse Item, Shatter the Chains


You were on level 4 of the Lair of Beasts.
You worshipped Ashenzari.
Ashenzari was greatly pleased with you.
You visited 4 branches of the dungeon, and saw 15 of its levels.

You collected 2051 gold pieces.

Inventory:

Hand Weapons
 k - the +9 war axe "Zistrier" {drain, Str+2 Dex+2}
   (You found it on level 4 of the Dungeon)

   A truly terrible weapon, it drains the life of any living foe it strikes.
   Str:       It affects your strength (+2).
   Dex:       It affects your dexterity (+2).
 K - the +7 mace of Variability (weapon) {chain chaos}
   (You found it on level 6 of the Dungeon)

   Each time it hits an enemy it has a different, random effect.
   It occasionally unleashes arcs of chaos on nearby creatures upon striking a
   foe.
 V - the +7 double sword of the Growing Gods {vorpal, Fly rCorr Int+4}
   (You found it on level 8 of the Dungeon)

   It inflicts extra damage upon your enemies.
   Int:       It affects your intelligence (+4).
   Fly:       It grants you flight.
   rCorr:     It protects you from acid and corrosion.
Missiles
 e - 6 silver boomerangs (quivered)
Armour
 o - the cursed +0 cloak of the Fated Bitterness (worn) {Alch, Fort}
   (You found it on level 4 of the Dungeon)

   It has a curse which improves the following skills: Alchemy: Poison Magic and
   Transmutations.
   Fortitude: Armour and Shields.
 A - the cursed +2 pair of gloves "Lashed Together" (worn) {Fort, Comp}
   (You found it on level 2 of the Dungeon)

   It has a curse which improves the following skills: Fortitude: Armour and
   Shields.
   Companions: Summonings and Necromancy.
 R - the cursed +1 swamp dragon scales of Ashenzari's Morality (worn) {rPois, Melee, Cun}
   (You took it off Maggie on level 7 of the Dungeon)

   rPois:     It protects you from poison.
   It has a curse which improves the following skills: Melee Combat: Short
   Blades, Long Blades, Axes, Maces & Flails, Polearms, Staves and Unarmed
   Combat.
   Cunning:   Dodging and Stealth.
 T - the cursed +0 helmet "Circumscribed Prison" (worn) {Alch, Melee}
   (You found it on level 7 of the Dungeon)

   It has a curse which improves the following skills: Alchemy: Poison Magic and
   Transmutations.
   Melee Combat: Short Blades, Long Blades, Axes, Maces & Flails, Polearms,
   Staves and Unarmed Combat.
 X - +0 steam dragon scales
Magical Staves
 f - a staff of air
Jewellery
 v - the cursed ring "Shackled Together" (left hand) {Dex+6, Alch, Comp}
   (You found it on level 2 of the Dungeon)

   [ring of dexterity]

   Dex:       It affects your dexterity (+6).
   It has a curse which improves the following skills: Alchemy: Poison Magic and
   Transmutations.
   Companions: Summonings and Necromancy.
 y - a +6 ring of intelligence
 E - the cursed ring of the Lashed Sky (right hand) {Wiz, Fort, Range}
   (You found it on level 5 of the Dungeon)

   [ring of wizardry]

   It improves your spell success rate.
   It has a curse which improves the following skills: Fortitude: Armour and
   Shields.
   Ranged Combat: Ranged Weapons and Throwing.
 G - a ring of flight
 J - a +4 ring of evasion
 O - a ring of protection from cold
 Q - a ring of protection from fire
 W - a +6 ring of strength
Wands
 a - a wand of roots (23)
 g - a wand of digging (8)
 l - a wand of polymorph (10)
 m - a wand of paralysis (17)
 H - a wand of quicksilver (18)
 L - a wand of mindburst (3)
 S - a wand of flame (15)
Scrolls
 c - 5 scrolls of fog
 d - 3 scrolls of magic mapping
 h - 4 scrolls of amnesia
 i - 4 scrolls of enchant weapon
 n - 2 scrolls of noise
 q - 2 scrolls of enchant armour
 r - a scroll of silence
 t - a scroll of poison
 w - 2 scrolls of vulnerability
 x - a scroll of blinking
 C - a scroll of brand weapon
 P - a scroll of summoning
Potions
 j - 3 potions of cancellation
 p - 2 potions of might
 s - a potion of heal wounds
 u - 4 potions of curing
 z - 5 potions of lignification
 B - 3 potions of berserk rage
 D - 2 potions of ambrosia
 F - 3 potions of flight
 I - a potion of magic
 M - a potion of mutation
 N - a potion of brilliance
 U - a potion of invisibility


   Skills:
 + Level 10.8 Fighting
 + Level 9.7(12.7) Short Blades
 + Level 8.5(11.5) Long Blades
 + Level 8.5(11.5) Axes
 + Level 8.5(11.5) Maces & Flails
 + Level 8.5(11.5) Polearms
 + Level 8.5(11.5) Staves
 + Level 8.5(10.5) Ranged Weapons
 + Level 8.5(10.5) Throwing
 + Level 8.5(12.4) Armour
 + Level 9.7(11.7) Dodging
 + Level 12.7(14.6) Stealth
 + Level 8.5(12.4) Shields
 + Level 8.5(11.5) Unarmed Combat
 + Level 8.5 Spellcasting
 + Level 7.1 Conjurations
 + Level 7.1 Hexes
 + Level 7.1(10.1) Summonings
 + Level 7.1(10.1) Necromancy
 + Level 7.1 Translocations
 + Level 7.1(11.0) Transmutations
 + Level 7.1 Fire Magic
 + Level 7.1 Ice Magic
 + Level 7.1 Air Magic
 + Level 7.1 Earth Magic
 + Level 7.1(11.0) Poison Magic
 + Level 9.3 Invocations
 + Level 8.5 Evocations


You had 2 spell levels left.
You knew the following spells:

 Your Spells              Type           Power      Damage    Failure   Level
a - Blink                 Tloc           40%        N/A       1%          2
b - Static Discharge      Conj/Air       20%        3-6/arc   1%          2
c - Sticky Flame          Conj/Fire      20%        2d4       7%          4
d - Dispel Undead         Necr           27%        3d13      1%          4
e - Irradiate             Conj/Tmut      12%        3d15      9%          5
f - Manifold Assault      Tloc           20%        N/A       19%         5
g - Passwall              Tmut/Erth      20%        N/A       1%          2
h - Swiftness             Air            20%        N/A       1%          3

Your spell library contained the following spells:

 Spells                   Type           Power      Damage    Failure   Level
 Foxfire                  Conj/Fire      80%        2x1d8     1%          1
 Ensorcelled Hibernation  Hex/Ice        40%        N/A       1%          2
 Sublimation of Blood     Necr           27%        N/A       1%          2
 Conjure Flame            Conj/Fire      20%        6-21      1%          3
 Ignite Poison            Fire/Tmut/Pois 26%        N/A       1%          3
 Inner Flame              Hex/Fire       20%        N/A       1%          3
 Petrify                  Tmut/Erth      24%        N/A       3%          4
 Blade Hands              Tmut           14%        N/A       4%          5
 Flame Wave               Conj/Fire      20%        2d7       7%          4
 Fireball                 Conj/Fire      10%        3d6       19%         5
 Iskenderun's Battlesphe  Conj           20%        2d7       19%         5
 Lightning Bolt           Conj/Air       10%        1d23      19%         5
 Conjure Ball Lightning   Conj/Air       10%        3x3d6     67%         6
 Dragon Form              Tmut           14%        N/A       71%         7
 Storm Form               Tmut/Air       12%        N/A       92%         7
 Orb of Destruction       Conj           10%        9d6       99%         7
 Maxwell's Capacitive Co  Air            10%        ∞         100%        8


Dungeon Overview and Level Annotations

Branches:
Dungeon (9/15)             Temple (1/1) D:5            Lair (4/5) D:8
  Swamp (0/4) Lair:3       Spider (0/4) Lair:3        Slime (0/5) Lair:4
    Orc (1/2) D:9

Altars:
Ashenzari
Cheibriados
Dithmenos
Elyvilon
Fedhas
Gozag
Hepliaklqana
Makhleb
Nemelex Xobeh
Okawaru
Qazlal
Ru
Trog
Uskayaw
Vehumet
Wu Jian
Xom
Yredelemnul
Zin
The Shining One
Jiyva

Shops:
Orc:1 *

Annotations:
Orc:1 Harold


Innate Abilities, Weirdness & Mutations

You have very sharp teeth.
Your uncanny sense of smell can sniff out nearby items.
Your experience applies equally to all skills.
You are covered in fur. (AC +1)
You are weak. (Str -2)


Message History

The eight-headed hydra seems to grow stronger.
You bite the eight-headed hydra.
The eight-headed hydra is severely wounded.
The eight-headed hydra burns!
The eight-headed hydra stops burning.
The eight-headed hydra bites you!
The eight-headed hydra barely misses you.
The eight-headed hydra completely misses you.
The eight-headed hydra bites you! The eight-headed hydra misses you.
The eight-headed hydra bites you! The eight-headed hydra misses you.
The eight-headed hydra bites you.
The eight-headed hydra completely misses you.
The eight-headed hydra barely misses you.
The eight-headed hydra closely misses you. x2
The eight-headed hydra barely misses you.
The eight-headed hydra bites you.
The eight-headed hydra closely misses you.
The eight-headed hydra misses you.
Unknown command.
You hit the eight-headed hydra.
The eight-headed hydra is severely wounded.
The eight-headed hydra bites you but does no damage. x2
The eight-headed hydra bites you!
* * * LOW HITPOINT WARNING * * *
The eight-headed hydra bites you but does no damage. x2
The eight-headed hydra closely misses you.
The eight-headed hydra barely misses you.
The eight-headed hydra bites you.
* * * LOW HITPOINT WARNING * * *
You barely miss the eight-headed hydra.
The eight-headed hydra is severely wounded.
The eight-headed hydra closely misses you.
The eight-headed hydra bites you!
* * * LOW HITPOINT WARNING * * *
The eight-headed hydra misses you. The eight-headed hydra bites you!
* * * LOW HITPOINT WARNING * * *
The eight-headed hydra bites you.
* * * LOW HITPOINT WARNING * * *
The eight-headed hydra barely misses you.
The eight-headed hydra bites you!
You die...

.....#♣ ##.##,, ** *
.....######♣♣.♣♣## * * ,
.....#.♣.♣.♣♣D♣♣.♣ * * , * ,*
.....#♣.♣.♣.♣.♣.♣ , * ,
.....#.♣.♣†♣...♣.*, * **, **
.....# .♣l♣.♣.♣.♣ * * ♣♣.♣♣
.....#,♣.♣D♣♣.♣♣.♣.♣. ##########
.÷...# ######.###############>###
.÷...#*♣.......D@..♣♣#♣♣♣~♣♣♣.~~~
.....#♣.###########.♣#♣.~♣~.♣~.♣♣
.....# +.........'....~.♣.~♣.~♣♣
.....# ###########.♣#♣≈♣♣♣♣~~≈~♣
.....#**, ,........♣♣#♣≈♣♣♣♣♣.~♣♣
.....### * ######################
.......# ##.##### #..### #
.......# #..## ##..### #
.......## ##.## #.....# #


You could see an eight-headed hydra (strong, misshapen).

Vanquished Creatures
  Snorg (Lair:4)
  4 hydras
  2 two-headed ogres (D:8)
  A catoblepas (Lair:3)
  A lindwurm (Lair:3)
  5 elephants (Lair:4)
  Joseph (D:7)
  2 black mambas (Lair:4)
  A torpor snail (Lair:4)
  10 cane toads
  Maggie (D:7)
  A rime drake (Lair:4)
  5 komodo dragons
  A troll (D:9)
  A polar bear (Lair:3)
  A dream sheep (Lair:4)
  Grinder (D:5)
  Prince Ribbit (D:8)
  19 blink frogs
  12 yaks
  A shadow (D:8)
  4 wyverns
  Eustachio (D:6)
  A basilisk (Lair:4)
  3 steam dragons
  Grum (Lair:1)
  Menkaure (D:7)
  A swamp worm (Lair:3)
  Edmund (D:6)
  An acid dragon (D:9)
  11 water moccasins
  Duvessa (D:5)
  2 ice beasts
  6 orc warriors
  2 sky beasts
  4 black bears
  2 ogres
  10 wolves
  5 centaurs
  4 phantoms
  13 bullfrogs
  A gnoll sergeant (D:7)
  A necrophage (D:4)
  4 scorpions
  9 wights
  Dowan (D:5)
  14 killer bees
  A howler monkey (D:9)
  An electric eel (Lair:3)
  4 jellies
  2 hounds
  5 orc priests
  2 iguanas
  9 orc wizards
  5 gnolls
  16 adders
  2 shadow imps
  2 ufetubi
  5 worms
  4 dart slugs
  23 orcs
  8 ball pythons
  5 bats
  10 endoplasms
  2 giant cockroaches (D:4)
  5 goblins
  3 hobgoblins
  3 jackals (D:3)
  2 quokkas
  6 frilled lizards
  5 kobolds
  4 rats
310 creatures vanquished.

Vanquished Creatures (others)
  A butterfly (D:3)
  27 fungi
  35 plants
63 creatures vanquished.

Grand Total: 373 creatures vanquished

Notes
Turn   | Place    | Note
-------+----------+-------------------------------------------
     0 | D:5      | Reached skill level 9 in Stealth
     0 | D:5      | leafyfresh the Gnoll Delver began the quest for the Orb.
     0 | D:5      | Reached XP level 1. HP: 23/23 MP: 1/1
    27 | D:5      | Noticed an ogre
    36 | D:5      | Killed an ogre
    37 | D:5      | Reached skill level 1 in Long Blades
    37 | D:5      | Reached skill level 1 in Axes
    37 | D:5      | Reached skill level 1 in Maces & Flails
    37 | D:5      | Reached skill level 1 in Polearms
    37 | D:5      | Reached skill level 1 in Staves
    37 | D:5      | Reached skill level 1 in Ranged Weapons
    37 | D:5      | Reached skill level 1 in Throwing
    37 | D:5      | Reached skill level 1 in Armour
    37 | D:5      | Reached skill level 1 in Shields
    37 | D:5      | Reached skill level 1 in Unarmed Combat
    37 | D:5      | Reached skill level 1 in Spellcasting
    37 | D:5      | Reached skill level 1 in Conjurations
    37 | D:5      | Reached skill level 1 in Hexes
    37 | D:5      | Reached skill level 1 in Summonings
    37 | D:5      | Reached skill level 1 in Necromancy
    37 | D:5      | Reached skill level 1 in Translocations
    37 | D:5      | Reached skill level 1 in Transmutations
    37 | D:5      | Reached skill level 1 in Fire Magic
    37 | D:5      | Reached skill level 1 in Ice Magic
    37 | D:5      | Reached skill level 1 in Air Magic
    37 | D:5      | Reached skill level 1 in Earth Magic
    37 | D:5      | Reached skill level 1 in Poison Magic
    37 | D:5      | Reached skill level 1 in Invocations
    37 | D:5      | Reached skill level 1 in Evocations
    37 | D:5      | Reached XP level 2. HP: 29/29 MP: 1/3
    37 | D:5      | Reached XP level 3. HP: 35/35 MP: 1/4
    37 | D:5      | Reached XP level 4. HP: 41/41 MP: 1/5
    40 | D:4      | Noticed an ogre
    42 | D:4      | Killed an ogre
    43 | D:4      | Reached XP level 5. HP: 47/47 MP: 1/7
   593 | D:4      | Reached XP level 6. HP: 42/53 MP: 8/8
   702 | D:4      | Reached skill level 5 in Short Blades
   702 | D:4      | Reached skill level 5 in Dodging
  1202 | D:4      | Reached XP level 7. HP: 60/60 MP: 10/10
  1203 | D:4      | Identified the +9 war axe "Zistrier" {drain, Str+2 Dex+2}
  1729 | D:3      | Reached skill level 10 in Stealth
  1748 | D:3      | Found a white marble altar of Elyvilon.
  3347 | D:1      | Found a faded altar of an unknown god.
  3996 | D:5      | Learned a level 2 spell: Blink
  3999 | D:5      | Learned a level 2 spell: Static Discharge
  4002 | D:5      | Noticed Dowan
  4002 | D:5      | Noticed Duvessa
  4005 | D:5      | Found a burning altar of Makhleb.
  4015 | D:5      | Killed Duvessa
  4016 | D:5      | Reached XP level 8. HP: 55/67 MP: 12/12
  4022 | D:5      | Killed Dowan
  4168 | D:5      | Noticed Grinder
  4181 | D:5      | Paralysed by Grinder for 2 turns
  4462 | D:4      | Learned a level 4 spell: Sticky Flame
  4490 | D:5      | Found a staircase to the Ecumenical Temple.
  4499 | Temple   | Entered the Ecumenical Temple
  4505 | Temple   | Became a worshipper of Ashenzari the Shackled
  4585 | D:5      | Paralysed by Grinder for 4 turns
  4587 | D:5      | Killed Grinder
  5304 | D:6      | Learned a level 4 spell: Dispel Undead
  5307 | D:6      | Found the +7 mace of Variability {chain chaos}
  5442 | D:6      | Noticed Edmund
  5451 | D:6      | Killed Edmund
  5452 | D:6      | Reached XP level 9. HP: 53/73 MP: 9/14
  6236 | D:6      | Reached * piety under Ashenzari
  6380 | D:6      | Noticed Eustachio
  6390 | D:6      | Killed Eustachio
  6805 | D:7      | Noticed Joseph
  7407 | D:7      | Noticed Maggie
  7412 | D:7      | Killed Maggie
  7413 | D:7      | Reached skill level 5 in Invocations
  7913 | D:7      | Killed Joseph
  7914 | D:7      | Reached skill level 5 in Long Blades
  7914 | D:7      | Reached skill level 5 in Axes
  7914 | D:7      | Reached skill level 5 in Maces & Flails
  7914 | D:7      | Reached skill level 5 in Polearms
  7914 | D:7      | Reached skill level 5 in Staves
  7914 | D:7      | Reached skill level 5 in Ranged Weapons
  7914 | D:7      | Reached skill level 5 in Throwing
  7914 | D:7      | Reached skill level 5 in Armour
  7914 | D:7      | Reached skill level 5 in Shields
  7914 | D:7      | Reached skill level 5 in Unarmed Combat
  7914 | D:7      | Reached skill level 5 in Spellcasting
  7914 | D:7      | Reached skill level 5 in Evocations
  7914 | D:7      | Reached XP level 10. HP: 76/81 MP: 17/17
  8123 | D:7      | Reached ** piety under Ashenzari
  8244 | D:7      | Noticed Menkaure
  8552 | D:7      | Killed Menkaure
  8818 | D:7      | Reached skill level 11 in Stealth
  9082 | D:8      | Noticed a two-headed ogre
  9088 | D:8      | Killed a two-headed ogre
  9088 | D:8      | Noticed Prince Ribbit
  9106 | D:8      | Killed Prince Ribbit
  9241 | D:8      | Identified the +7 double sword of the Growing Gods {vorpal,
                  | Fly rCorr Int+4}
  9585 | D:8      | Found a staircase to the Lair.
  9832 | D:8      | Noticed a two-headed ogre
  9838 | D:8      | Killed a two-headed ogre
  9839 | D:8      | Reached skill level 5 in Conjurations
  9839 | D:8      | Reached skill level 5 in Hexes
  9839 | D:8      | Reached skill level 5 in Summonings
  9839 | D:8      | Reached skill level 5 in Necromancy
  9839 | D:8      | Reached skill level 5 in Translocations
  9839 | D:8      | Reached skill level 5 in Transmutations
  9839 | D:8      | Reached skill level 5 in Fire Magic
  9839 | D:8      | Reached skill level 5 in Ice Magic
  9839 | D:8      | Reached skill level 5 in Air Magic
  9839 | D:8      | Reached skill level 5 in Earth Magic
  9839 | D:8      | Reached skill level 5 in Poison Magic
  9839 | D:8      | Reached XP level 11. HP: 76/89 MP: 18/20
  9982 | D:9      | Found a staircase to the Orcish Mines.
 10256 | D:9      | Learned a level 5 spell: Irradiate
 10433 | D:9      | Found a bloodstained altar of Trog.
 10788 | D:9      | Reached *** piety under Ashenzari
 10795 | D:9      | Learned a level 5 spell: Manifold Assault
 10860 | D:9      | Gained mutation: Your body sometimes deteriorates upon
                  | taking damage. [potion of mutation]
 10861 | D:9      | Lost mutation: Your body sometimes deteriorates upon taking
                  | damage. [potion of mutation]
 10861 | D:9      | Gained mutation: You occasionally shout uncontrollably at
                  | your foes. [potion of mutation]
 10861 | D:9      | Gained mutation: Armour fits poorly on your strangely
                  | shaped body. [potion of mutation]
 10864 | Orc:1    | Entered Level 1 of the Orcish Mines
 10864 | Orc:1    | Found Aredixt's General Store.
 11289 | Orc:1    | Noticed Harold
 11498 | Lair:1   | Entered Level 1 of the Lair of Beasts
 11988 | Lair:1   | Noticed Grum
 12532 | Lair:1   | Killed Grum
 12739 | Lair:1   | Noticed a seven-headed hydra
 12757 | Lair:1   | Killed a seven-headed hydra
 12758 | Lair:1   | Reached XP level 12. HP: 97/97 MP: 22/22
 13005 | Lair:1   | Reached **** piety under Ashenzari
 13108 | Lair:1   | Lost mutation: Armour fits poorly on your strangely shaped
                  | body. [potion of mutation]
 13108 | Lair:1   | Lost mutation: You occasionally shout uncontrollably at
                  | your foes. [potion of mutation]
 13108 | Lair:1   | Gained mutation: You are weak. (Str -2) [potion of
                  | mutation]
 13108 | Lair:1   | Gained mutation: You are covered in fur. (AC +1) [potion of
                  | mutation]
 13139 | Lair:2   | Learned a level 2 spell: Passwall
 13456 | Lair:2   | Reached skill level 12 in Stealth
 13911 | Lair:3   | Noticed a seven-headed hydra
 13928 | Lair:3   | Killed a seven-headed hydra
 13929 | Lair:3   | Reached skill level 10 in Fighting
 14054 | Lair:3   | Found a hole to the Spider Nest.
 14128 | Lair:3   | Identified a scroll of acquirement
 14400 | Lair:3   | Found a staircase to the Swamp.
 14427 | Lair:3   | Noticed a catoblepas
 14441 | Lair:3   | Killed a catoblepas
 15019 | Lair:3   | Acquired 1175 gold pieces
 15330 | Lair:4   | Learned a level 3 spell: Swiftness
 15362 | Lair:4   | Found the +8 lance "Wyrmbane" {slay drac, rPois rF+ rC+
                  | AC+3}
 15368 | Lair:4   | Noticed a four-headed hydra
 15377 | Lair:4   | Noticed an eight-headed hydra
 15380 | Lair:4   | Reached XP level 13. HP: 88/104 MP: 22/25
 15861 | Lair:4   | Noticed Snorg
 15873 | Lair:4   | Killed Snorg
 15920 | Lair:4   | Found a viscous altar of Jiyva.
 15922 | Lair:4   | Found a staircase to the Slime Pits.
 17023 | Lair:4   | HP: 5/105 [eight-headed hydra (3)]
 17023 | Lair:4   | Slain by an eight-headed hydra

Illustrated notes

Levels and vault maps discovered:
D:1:      lightli_arrival_flooded_house, layout_basic,
          hellmonk_ecumenical_altar_crossroads
D:2:      layout_loops_corners, chequers_avenue, minmay_puff
D:3:      layout_loops_ring, nicolae_elyvilon_peaceful_grove
D:4:      layout_cave_pods
D:5:      minmay_evil_eye, layout_rooms, bloody_makhleb,
          minmay_temple_entry_antechambers, serial_aquarium,
          aquarium_bridge_long_separate [aquarium_subvault_balcony,
          aquarium_subvault_wall, aquarium_subvault_bridge,
          aquarium_subvault_wall, aquarium_subvault_bridge,
          aquarium_subvault_balcony], aquarium_bridge_straight
          [aquarium_subvault_bridge, aquarium_subvault_balcony,
          aquarium_subvault_bridge, aquarium_subvault_balcony],
          aquarium_window_corner, aquarium_window_fake, aquarium_window_fake,
          aquarium_window_corner, aquarium_view_2a, aquarium_pool_side,
          uniq_grinder, uniq_duvessa
D:6:      layout_cave_pods, uniq_edmund, uniq_eustachio
D:7:      layout_basic, serial_rivers, chequers_serial_rivers_micro_b,
          chequers_serial_rivers_small_3, chequers_serial_rivers_micro_d,
          chequers_serial_rivers_small_a, chequers_serial_rivers_micro_e,
          st_stairs_14, uniq_maggie, uniq_joseph, uniq_menkaure
D:8:      layout_cave_pools, dpeg_oklobed_lair, uniq_prince_ribbit1
D:9:      layout_rooms, trog_ov_bears_minmay, orc_0_dummy
Temple:   sentei_temple_godly_chess
Lair:1:   layout_loops_ring, cheibrodos_lair_reptile_den, uniq_grum
Lair:2:   layout_regular_city
Lair:3:   layout_long_grid, minmay_swamp_entry_worms,
          spider_nest_entry_web_field, grunt_megastairs_1, serial_bayou_shore_a,
          infiniplex_staircase_pool_2, lemuel_fruit_fields
Lair:4:   nzn_winding_woodlands_huge [nzn_winding_woodlands_5x15_twine,
          nzn_winding_woodlands_5x15_concentric,
          nzn_winding_woodlands_5x15_parted,
          nzn_winding_woodlands_5x15_river_crossing,
          nzn_winding_woodlands_5x15_sawtooth,
          nzn_winding_woodlands_5x15_garden, nzn_winding_woodlands_5x15_jagged,
          nzn_winding_woodlands_5x15_lazy_stream,
          nzn_winding_woodlands_5x15_longhouse,
          nzn_winding_woodlands_5x15_split_checker,
          nzn_winding_woodlands_center_pierced_h,
          nzn_winding_woodlands_center_lodge,
          nzn_winding_woodlands_15x15_thick_spiral], layout_long_grid,
          nicolae_slime_entry_slimehenge, uniq_snorg
Orc:1:    layout_caves, serial_shops, shop, shop, nicolae_shop_stone, shop,
          shop, nicolae_orc_lava_room, uniq_harold

Skill      XL: |  1  2  3  4  5  6  7  8  9 10 11 12 13 |
---------------+----------------------------------------+-----
Stealth        | 10 11 12 | 12.7
Long Blades    | 1 2 3 5 6 7 8 |  8.5
Axes           | 1 2 3 5 6 7 8 |  8.5
Maces & Flails | 1 2 3 5 6 7 8 |  8.5
Polearms       | 1 2 3 5 6 7 8 |  8.5
Staves         | 1 2 3 5 6 7 8 |  8.5
Ranged Weapons | 1 2 3 5 6 7 8 |  8.5
Throwing       | 1 2 3 5 6 7 8 |  8.5
Armour         | 1 2 3 5 6 7 8 |  8.5
Shields        | 1 2 3 5 6 7 8 |  8.5
Unarmed Combat | 1 2 3 5 6 7 8 |  8.5
Spellcasting   | 1 2 3 5 6 7 8 |  8.5
Conjurations   | 1 2 3 4 5 6 7 |  7.1
Hexes          | 1 2 3 4 5 6 7 |  7.1
Summonings     | 1 2 3 4 5 6 7 |  7.1
Necromancy     | 1 2 3 4 5 6 7 |  7.1
Translocations | 1 2 3 4 5 6 7 |  7.1
Transmutations | 1 2 3 4 5 6 7 |  7.1
Fire Magic     | 1 2 3 4 5 6 7 |  7.1
Ice Magic      | 1 2 3 4 5 6 7 |  7.1
Air Magic      | 1 2 3 4 5 6 7 |  7.1
Earth Magic    | 1 2 3 4 5 6 7 |  7.1
Poison Magic   | 1 2 3 4 5 6 7 |  7.1
Invocations    | 1 2 3 4 5 6 7 8 9 |  9.3
Evocations     | 1 2 3 5 6 7 8 |  8.5
Short Blades   | 5 6 7 8 9 |  9.7
Dodging        | 5 6 7 8 9 |  9.7
Fighting       | 7 8 9 10 | 10.8

Action                   |  1- 3 |  4- 6 |  7- 9 | 10-12 | 13-15 || total
-------------------------+-------+-------+-------+-------+-------++-------
Melee: Short sword       |     2 |   104 |       |       |       ||   106
       Bite              |       |    12 |    17 |    54 |    12 ||    95
       War axe           |       |       |   208 |   291 |    57 ||   556
       Punch             |       |       |     5 |    18 |       ||    23
       Double sword      |       |       |       |   141 |       ||   141
       Great mace        |       |       |       |     8 |    35 ||    43
 Cast: Sticky Flame      |       |       |     4 |       |     1 ||     5
       Blink             |       |       |     1 |     1 |       ||     2
       Dispel Undead     |       |       |     4 |     4 |       ||     8
       Static Discharge  |       |       |     2 |     6 |       ||     8
       Manifold Assault  |       |       |       |     6 |       ||     6
       Irradiate         |       |       |       |     6 |     3 ||     9
Invok: Curse Item        |       |       |     2 |     4 |       ||     6
Evoke: Wand              |       |       |     8 |    22 |     2 ||    32
  Use: Scroll            |       |       |     8 |     4 |     2 ||    14
       Potion            |       |       |     1 |     8 |     1 ||    10
 Stab: Sleeping          |     2 |     6 |    36 |     7 |       ||    51
       Distracted        |       |       |       |     1 |       ||     1
Armor: Leather armour    |       |    20 |    49 |     9 |       ||    78
       Swamp dragon scal |       |       |       |   158 |    85 ||   243
Dodge: Dodged            |       |    59 |   156 |   453 |   173 ||   841
